AoeStats
← Bazz

Arabian Desert

510575704Analyzed
1v1 RM · 23h ago on Oct 1, 2026· 25m 26s· 2 players
Game mode
Random Map
Map size
Tiny (2 player)
Population
200
Speed
Normal
Resources
Standard
Victory
Conquest
Starting age
Dark Age
Ending age
Imperial Age
RankedLock teamsTeams togetherTeam positionsShared explorationLock speedFull tech treeHidden civsTurbo modeCheats
Victory
Defeat
🇦🇺 Byzantines · Australia
968
+17
🇨🇳 Sicilians · China
997
-44
Bazz
7:00 Loom
10:07 Feudal Age
10:28 Horse Collar
10:34 Double-Bit Axe
11:56 Man-at-Arms
15:39 Forging
23:07 Castle Age
2684480386
8:21 Loom
11:49 Feudal Age
Connection lost

Rejoining the realm…

Still unreachable

The connection could not be restored.

Session expired

The server has moved on; the page needs a fresh start.